 Dungeon Crawl Stone Soup version 0.25-a0-737-g26c3a87c45 (webtiles) character file.

Game seed: 840661665133579661, levelgen mode: deterministic

1323 MisterFreud the Shield-Bearer (level 8, -1/67 HPs)
             Began as a Gnoll Fighter on Apr 12, 2020.
             Was a Follower of Ashenzari.
             Slain by a killer bee (6 damage)
             ... on level 5 of the Dungeon.
             The game lasted 00:11:58 (4339 turns).

MisterFreud the Shield-Bearer (Gnoll Fighter)       Turns: 4339, Time: 00:11:59

Health: -1/67      AC: 11    Str: 17 (19) XL:     8   Next: 59%
Magic:  13/13      EV:  8    Int: 10 (13) God:    Ashenzari [*.....]
Gold:   47         SH: 10    Dex: 12 (14) Spells: 13/13 levels left

rFire    . . .     SeeInvis .   a - +0 rapier
rCold    . . .     Gourm    .   c - +0 kite shield (curse)
rNeg     . . .     Faith    .   b - +0 scale mail
rPois    .         Spirit   .   (no helmet)
rElec    .         Reflect  .   F - +0 cloak {MR+}
rCorr    .         Harm     .   (no gloves)
MR       +....                  (no boots)
Stlth    ..........             g - amulet of inaccuracy (curse)
HPRegen  0.21/turn              k - +3 ring of protection
MPRegen  0.13/turn              (no ring)

@: lethally poisoned (-1 -> -2), heavily drained
A: distributed training, fangs 1, strong nose
a: Curse Item, Scrying, Renounce Religion


You were on level 5 of the Dungeon.
You worshipped Ashenzari.
Ashenzari was aware of your devotion.
You were not hungry.

You visited 1 branch of the dungeon, and saw 5 of its levels.
You also visited: Sewer.

You collected 173 gold pieces.
You spent 126 gold pieces at shops.

Inventory:

Hand Weapons
 a - a +0 rapier (weapon)
Missiles
 i - 170 stones (quivered)
 o - 80 bolts
 t - 4 boomerangs
 C - 18 sling bullets
Armour
 b - a +0 scale mail (worn)
 c - a cursed +0 kite shield (worn)
 F - a +0 cloak of magic resistance (worn)
Jewellery
 g - a cursed amulet of inaccuracy (around neck)
 k - a +3 ring of protection (left hand)
Wands
 A - a wand of enslavement (3)
Scrolls
 e - 4 scrolls of identify
 m - a scroll of fear
 r - a scroll of noise {unknown}
 u - 2 scrolls of teleportation
 y - a scroll of amnesia {unknown}
 z - a scroll of fog {unknown}
 B - a scroll of immolation {unknown}
 D - a scroll of magic mapping {unknown}
Potions
 d - a potion of might
 h - 2 potions of flight
 j - a potion of cancellation {unknown}
 n - a potion of mutation {unknown}
 p - a potion of ambrosia {unknown}
 v - a potion of magic {unknown}
 w - a potion of lignification {unknown}
 x - a potion of stabbing {unknown}
Comestibles
 f - 6 rations
 E - 8 chunks of flesh


   Skills:
 + Level 7.4(5.7) Fighting
 + Level 5.7(4.1) Short Blades
 + Level 3.3(1.8) Long Blades
 + Level 3.3(1.8) Axes
 + Level 3.3(1.8) Maces & Flails
 + Level 3.3(1.8) Polearms
 + Level 3.3(1.8) Staves
 + Level 3.3(1.8) Slings
 + Level 3.3(1.8) Bows
 + Level 3.3(1.8) Crossbows
 + Level 3.3(1.8) Throwing
 + Level 7.4(5.7) Armour
 + Level 3.3(1.8) Dodging
 + Level 3.3(1.8) Stealth
 + Level 7.4(5.7) Shields
 + Level 3.3(1.8) Unarmed Combat
 + Level 3.3(1.8) Spellcasting
 + Level 2.7(1.3) Conjurations
 + Level 2.7(1.3) Hexes
 + Level 2.7(1.3) Charms
 + Level 2.7(1.3) Summonings
 + Level 2.7(1.3) Necromancy
 + Level 2.7(1.3) Translocations
 + Level 2.7(1.3) Transmutations
 + Level 2.7(1.3) Fire Magic
 + Level 2.7(1.3) Ice Magic
 + Level 2.7(1.3) Air Magic
 + Level 2.7(1.3) Earth Magic
 + Level 2.7(1.3) Poison Magic
 + Level 3.7(2.2) Invocations
 + Level 3.3(1.8) Evocations


You had 13 spell levels left.
You didn't know any spells.
Your spell library was empty.

Dungeon Overview and Level Annotations

Branches:
Dungeon (5/15)              Sewer (visited)
 Temple: D:4-7

Altars:
Ashenzari
Ru
Vehumet

Shops:
D:5 [


Innate Abilities, Weirdness & Mutations

Your experience applies equally to all skills.
You have very sharp teeth.
Your uncanny sense of smell can sniff out nearby items.


Message History

Your killer bee stings the killer bee!
The killer bee is poisoned.
Your killer bee poisons the killer bee!
The gnoll hits you with a +0 whip.
* * * LOW HITPOINT WARNING * * *
You feel sick.
The killer bee dies!
Your killer bee closely misses the killer bee.
You block the killer bee's attack.
Your killer bee completely misses the gnoll.
You block the killer bee's attack.
The killer bee stings you but does no damage.
Your killer bee barely misses the killer bee.
The killer bee stings you but does no damage.
The gnoll hits your killer bee with a +0 whip!
You feel sick. The killer bee closely misses you.
You block the killer bee's attack.
Your killer bee stings the killer bee.
The killer bee is poisoned.
Your killer bee poisons the killer bee!
The killer bee stings you but does no damage.
Your killer bee barely misses the killer bee.
The killer bee stings you.
You die...

#.........# #.# ∆
###.........#####.## ∆
....................
#.........#.#.##.. .
#....g...†.#.#.##. ..
###...###.#...#.#.
...#######(y..##.#.....#..
.#...#...yy#####)#.≈≈≈.#..
.........@######.#≈...≈#..
#####..#)).()(.(#≈._.≈#..
#...########..#≈...≈#†.
##.### #..#.≈≈≈.#(. #.
#.∩# #.%#.....#..
#..###..### ###.#...#†..
##.........# ##.#†#.).#
.........))# ##.#...##
.........÷<# #....##


You could see 2 killer bees, a gnoll and a friendly killer bee.

Vanquished Creatures
  An ogre (D:4)
  8 big kobolds (Sewer)
  A centaur zombie (D:5)
  A hound (D:4)
  An orc priest (D:5)
  A bullfrog skeleton (D:4)
  3 orc wizards
  A worker ant (D:4)
  A hound skeleton (D:5)
  Robin (D:2)
  A worker ant zombie (D:4)
  3 gnolls (D:4)
  11 adders
  A river rat (D:3)
  A shadow imp (D:3)
  4 oozes
  6 worms
  2 dart slugs (D:1)
  7 leopard geckos
  15 orcs
  7 bats
  3 giant cockroaches
  13 goblins
  8 hobgoblins
  13 jackals
  11 kobolds
  3 quokkas
  4 ball pythons
  8 frilled lizards
  10 rats
150 creatures vanquished.

Vanquished Creatures (collateral kills)
  A centaur (D:5)
  2 killer bees (D:5)
  3 gnolls (D:5)
  2 frilled lizards (D:5)
8 creatures vanquished.

Vanquished Creatures (others)
  A killer bee (D:5)
1 creature vanquished.

Grand Total: 159 creatures vanquished

Notes
Turn   | Place    | Note
-------+----------+-------------------------------------------
     0 | D:1      | MisterFreud the Gnoll Fighter began the quest for the Orb.
     0 | D:1      | Reached XP level 1. HP: 23/23 MP: 1/1
    57 | D:1      | Reached XP level 2. HP: 29/29 MP: 2/2
   283 | D:1      | Reached XP level 3. HP: 35/35 MP: 3/3
   610 | D:2      | Reached skill level 1 in Invocations
   698 | D:2      | Noticed Robin
   708 | D:2      | Reached skill level 1 in Long Blades
   708 | D:2      | Reached skill level 1 in Axes
   708 | D:2      | Reached skill level 1 in Maces & Flails
   708 | D:2      | Reached skill level 1 in Polearms
   708 | D:2      | Reached skill level 1 in Staves
   708 | D:2      | Reached skill level 1 in Slings
   708 | D:2      | Reached skill level 1 in Bows
   708 | D:2      | Reached skill level 1 in Crossbows
   708 | D:2      | Reached skill level 1 in Throwing
   708 | D:2      | Reached skill level 1 in Dodging
   708 | D:2      | Reached skill level 1 in Stealth
   708 | D:2      | Reached skill level 1 in Unarmed Combat
   708 | D:2      | Reached skill level 1 in Spellcasting
   708 | D:2      | Reached skill level 1 in Evocations
   712 | D:2      | Killed Robin
   712 | D:2      | Reached XP level 4. HP: 32/41 MP: 5/5
   882 | D:2      | Reached skill level 1 in Conjurations
   882 | D:2      | Reached skill level 1 in Hexes
   882 | D:2      | Reached skill level 1 in Charms
   882 | D:2      | Reached skill level 1 in Summonings
   882 | D:2      | Reached skill level 1 in Necromancy
   882 | D:2      | Reached skill level 1 in Translocations
   882 | D:2      | Reached skill level 1 in Transmutations
   882 | D:2      | Reached skill level 1 in Fire Magic
   882 | D:2      | Reached skill level 1 in Ice Magic
   882 | D:2      | Reached skill level 1 in Air Magic
   882 | D:2      | Reached skill level 1 in Earth Magic
   882 | D:2      | Reached skill level 1 in Poison Magic
  1149 | D:3      | Reached XP level 5. HP: 46/47 MP: 6/6
  1649 | D:3      | Found a shattered altar of Ashenzari.
  1674 | D:3      | Became a worshipper of Ashenzari the Shackled
  1742 | D:3      | Found a glowing drain.
  1751 | Sewer    | Entered a sewer
  1804 | Sewer    | Noticed a big kobold
  1832 | Sewer    | Killed a big kobold
  1832 | Sewer    | Reached XP level 6. HP: 47/53 MP: 8/8
  1878 | Sewer    | Reached skill level 5 in Short Blades
  2023 | Sewer    | Reached XP level 7. HP: 48/59 MP: 10/10
  3186 | D:4      | Reached XP level 8. HP: 38/67 MP: 12/12
  3646 | D:4      | Reached * piety under Ashenzari
  3860 | D:4      | Found a radiant altar of Vehumet.
  3978 | D:5      | Entered Level 5 of the Dungeon
  3978 | D:5      | Found Jufarog's Armour Shop.
  4226 | D:5      | Bought a +0 cloak of magic resistance for 126 gold pieces
  4285 | D:5      | HP: 1/67 [killer bee (5)]
  4288 | D:5      | Found a sacrificial altar of Ru.
  4307 | D:5      | HP: 2/67 [killer bee (8)]
  4339 | D:5      | Slain by a killer bee

Levels and vault maps discovered:
D:1:      roderic_octagonal_star, layout_rooms
D:2:      layout_rooms, first_ration, uniq_robin
D:3:      layout_loops_ring, evilmike_ruin_ashenzari, portal_sewer_entry_a,
          minmay_close_crescents
D:4:      layout_basic, vehumet_crystals
D:5:      layout_rooms, nicolae_ru_awakened_eye, ebering_ghost_rock_garden,
          serial_shops, shop, basic_altar, minmay_misc_feat_nine_boxes

Skill      XL: |  1  2  3  4  5  6  7  8 |
---------------+-------------------------+-----
Invocations    | 1 2 3 |  3.7
Long Blades    | 1 2 3 |  3.3
Axes           | 1 2 3 |  3.3
Maces & Flails | 1 2 3 |  3.3
Polearms       | 1 2 3 |  3.3
Staves         | 1 2 3 |  3.3
Slings         | 1 2 3 |  3.3
Bows           | 1 2 3 |  3.3
Crossbows      | 1 2 3 |  3.3
Throwing       | 1 2 3 |  3.3
Dodging        | 1 2 3 |  3.3
Stealth        | 1 2 3 |  3.3
Unarmed Combat | 1 2 3 |  3.3
Spellcasting   | 1 2 3 |  3.3
Evocations     | 1 2 3 |  3.3
Conjurations   | 1 2 |  2.7
Hexes          | 1 2 |  2.7
Charms         | 1 2 |  2.7
Summonings     | 1 2 |  2.7
Necromancy     | 1 2 |  2.7
Translocations | 1 2 |  2.7
Transmutations | 1 2 |  2.7
Fire Magic     | 1 2 |  2.7
Ice Magic      | 1 2 |  2.7
Air Magic      | 1 2 |  2.7
Earth Magic    | 1 2 |  2.7
Poison Magic   | 1 2 |  2.7
Short Blades   | 5 |  5.7
Fighting       | 7 |  7.4
Armour         | 7 |  7.4
Shields        | 7 |  7.4

Action                   |  1- 3 |  4- 6 |  7- 9 || total
-------------------------+-------+-------+-------++-------
Melee: Rapier            |   123 |   258 |   480 ||   861
       Bite              |    16 |    18 |    64 ||    98
Invok: Curse Item        |       |       |     1 ||     1
Evoke: Wand              |       |       |     5 ||     5
  Use: Scroll            |       |     4 |     2 ||     6
       Potion            |       |       |     5 ||     5
  Eat: Chunk             |       |     4 |     9 ||    13
Armor: Scale mail        |    39 |    72 |   172 ||   283
Dodge: Dodged            |    36 |    72 |   150 ||   258
Block: Kite shield       |    87 |   129 |   252 ||   468

Table legend:
 A = Non-vault XP
 B = Vault XP
 C = Vault XP percentage of total XP
 D = Non-vault monster count
 E = Vault monster count
 F = Vault count percentage of total count
                 A         B        C        D         E       F
            +---------+---------+-------+---------+---------+-------
      Total |     945 |     946 |  50.0 |     113 |      46 |  28.9
            +---------+---------+-------+---------+---------+-------
        D:1 |      42 |       0 |   0.0 |      22 |       0 |   0.0
        D:2 |      71 |      40 |  36.0 |      21 |      13 |  38.2
        D:3 |     108 |      20 |  15.6 |      29 |       5 |  14.7
        D:4 |     415 |       0 |   0.0 |      25 |       0 |   0.0
        D:5 |     309 |       0 |   0.0 |      16 |       0 |   0.0
      Sewer |       0 |     886 | 100.0 |       0 |      28 | 100.0
            +---------+---------+-------+---------+---------+-------
